 Dungeon Crawl Stone Soup version 0.29-a0-270-g1586fc07ea (webtiles) character file.

Game seed: 3127738829376625354

21302 Crownlay the Thaumaturge (level 12, 0/71 HPs)
             Began as a Gargoyle Earth Elementalist on Mar 7, 2022.
             Was an Elder of Vehumet.
             Slain by a raiju (2 damage)
             ... summoned by an orange crystal statue
             ... in a Gauntlet.
             The game lasted 00:32:42 (16821 turns).

Crownlay the Thaumaturge (GrEE)                    Turns: 16821, Time: 00:32:42

Health: 0/71       AC: 15    Str: 12    XL:     12   Next: 88%
Magic:  26/30      EV: 11    Int: 27    God:    Vehumet [****..]
Gold:   679        SH:  0    Dex: 10    Spells: 33/39 levels left

rFire   + . .      SeeInvis +   h - +8 whip "Snakebite" {venom, curare, rPois}
rCold   + . .      Faith    .   (no shield)
rNeg    + + .      Spirit   .   b - +0 robe
rPois   ∞          Reflect  .   r - +1 helmet {Int+3}
rElec   +          Harm     .   D - +0 cloak
rCorr   .          Rampage  .   k - +0 pair of gloves
Will    .....      NoTele   +   d - +0 pair of boots
Stlth   ++........              (no amulet)
HPRegen 0.21/turn               K - ring of see invisible
MPRegen 0.22/turn               v - ring of Haro {rF+ rC+ rN+ Int+3}

@: slowed, very slow
A: sickness immunity, AC +8, negative energy resistance 1, electricity
resistance, torment resistance 1, petrification resistance, devolution 1
a: Renounce Religion


You were in a Gauntlet.
You worshipped Vehumet.
Vehumet was greatly pleased with you.
You visited 1 branch of the dungeon, and saw 13 of its levels.
You also visited: Ossuary and Gauntlet.

You collected 737 gold pieces.
You spent 58 gold pieces at shops.

Inventory:

Hand Weapons
 h - the +8 whip "Snakebite" (weapon) {venom, curare, rPois}
   (You found it in a Gauntlet)

   It poisons the flesh of those it strikes.
   It occasionally inflicts asphyxiating poison on those it strikes, dealing
   poison damage and causing slowness.
   rPois:     It protects you from poison.
 G - a +0 hunting sling of freezing
Missiles
 a - 214 stones
Armour
 b - a +0 robe (worn)
 d - a +0 pair of boots (worn)
 k - a +0 pair of gloves (worn)
 r - a +1 helmet of intelligence (worn)
 D - a +0 cloak (worn)
Jewellery
 t - a ring of protection from fire
 u - a ring of fire
 v - the ring of Haro (right hand) {rF+ rC+ rN+ Int+3}
   (You found it on level 4 of the Dungeon)

   [ring of protection from cold]

   Int:       It affects your intelligence (+3).
   rF:        It protects you from fire.
   rC:        It protects you from cold.
   rN:        It protects you from negative energy.
 K - a ring of see invisible (left hand)
 Q - a ring of fire
Wands
 x - a wand of flame (41)
 B - a wand of polymorph (7)
Scrolls
 e - 3 scrolls of teleportation
 f - 3 scrolls of brand weapon
 g - 2 scrolls of enchant armour {unknown}
 j - 2 scrolls of fog
 n - 5 scrolls of fear
 p - a scroll of summoning {unknown}
 q - 2 scrolls of enchant weapon
 y - 2 scrolls of amnesia {unknown}
 F - a scroll of blinking {unknown}
 I - a scroll of magic mapping
 M - a scroll of holy word {unknown}
 N - 2 scrolls of acquirement {unknown}
Potions
 c - 2 potions of magic
 i - a potion of lignification {unknown}
 l - a potion of curing
 m - 2 potions of might {unknown}
 s - 3 potions of brilliance
 w - 2 potions of cancellation {unknown}
 z - a potion of ambrosia {unknown}
 A - 3 potions of heal wounds {unknown}
 C - 4 potions of haste
 E - a potion of mutation {unknown}
 H - 4 potions of flight
 J - a potion of invisibility {unknown}
 P - a potion of resistance {unknown}
Miscellaneous
 O - a phantom mirror


   Skills:
 * Level 6.4 Fighting
 - Level 1.5 Dodging
 - Level 2.1 Stealth
 - Level 14.0 Spellcasting
 - Level 10.0 Conjurations
 + Level 1.8 Summonings
 - Level 0.7 Transmutations
 + Level 11.2 Earth Magic
 + Level 3.5 Evocations


You had 33 spell levels left.
You knew the following spells:

 Your Spells              Type           Power      Damage    Failure   Level
a - Sandblast             Erth           100%       2d20      1%          1
b - Passwall              Tmut/Erth      41%        N/A       1%          2
c - Stone Arrow           Conj/Erth      100%       3d13      1%          3

Your spell library contained the following spells:

 Spells                   Type           Power      Damage    Failure   Level
 Foxfire                  Conj/Fire      100%       2x1d9     1%          1
 Freeze                   Ice            72%        1d9       1%          1
 Magic Dart               Conj           100%       1d8       1%          1
 Call Imp                 Summ           29%        N/A       1%          2
 Conjure Flame            Conj/Fire      45%        6-21      1%          3
 Mephitic Cloud           Conj/Pois/Air  36%        N/A       1%          3
 Flame Wave               Conj/Fire      45%        2d10      1%          4
 Hailstorm                Conj/Ice       45%        3d10      1%          4
 Beastly Appendage        Tmut           44%        N/A       2%          1
 Frozen Ramparts          Ice            36%        1d5       2%          3
 Inner Flame              Hex/Fire       18%        N/A       2%          3
 Petrify                  Tmut/Erth      50%        N/A       2%          4
 Wereblood                Tmut           22%        N/A       3%          2
 Spider Form              Tmut/Pois      20%        N/A       8%          3
 Gell's Gravitas          Tloc           18%        N/A       9%          3
 Ozocubu's Armour         Ice            18%        N/A       9%          3
 Teleport Other           Tloc           18%        N/A       9%          3
 Metabolic Englaciation   Hex/Ice        9%         N/A       61%         5
 Dispersal                Tloc           9%         N/A       99%         6
 Simulacrum               Ice/Necr       9%         N/A       99%         6


Dungeon Overview and Level Annotations

Branches:
Dungeon (13/15)            Temple (0/1) D:5            Lair (0/6) D:8
    Orc (0/2) D:12        Ossuary (visited)         Gauntlet (1/1)
 Vaults: D:13-14

Altars:
Ashenzari
Dithmenos
Elyvilon
Fedhas
Gozag
Hepliaklqana
Okawaru
Qazlal
Ru
Vehumet
Yredelemnul
Zin
The Shining One

Shops:
D:1 (   D:2 *   D:3 (

Annotations:
D:9 3 runed translucent doors Gauntlet 14 runed translucent doors, 9 transporters, exclusion: orange crystal statue


Innate Abilities, Weirdness & Mutations

You are immune to sickness and miasma.
Your stone body is resilient. (AC +8)
You are immune to poison.
You resist negative energy. (rN+)
You are resistant to electric shocks. (rElec)
You are resistant to unholy torment.
You are immune to petrification.
You have hidden genetic defects.


Message History

The raiju closely misses you. The raiju bites you but does no damage.
The raiju barely misses you. The sixfirhy misses you.
As you read the scroll of fear, it crumbles to dust.
You assume a fearsome visage.
The small abomination is unaffected.
The torpor snail looks frightened!
The orange crystal statue is unaffected.
The sixfirhy looks frightened!
The raiju looks frightened! x3
The small abomination hits you but does no damage.
Casting: Sandblast (safe; 1% risk of failure)
Confirm with . or Enter, or press ? or * to list all spells.
Aiming: Stone Arrow (safe; 1% risk of failure)
Press: ? - help, Shift-Dir - straight line, f - orange crystal statue
Aim: an orange crystal statue (100% to hit)
The stone arrow hits the orange crystal statue.
The orange crystal statue is lightly damaged.
The orange crystal statue fixes its piercing gaze on you.
Something tries to feed on your intellect!
Cornered, the sixfirhy turns to fight!
The small abomination misses you.
Cornered, the raiju turns to fight!
Casting: Stone Arrow (safe; 1% risk of failure)
Confirm with . or Enter, or press ? or * to list all spells.
Okay, then.
The small abomination attacks as you move away!
The small abomination hits you.
* * * LOW HITPOINT WARNING * * *
The sixfirhy fails to trigger a net trap.
The sixfirhy barely misses you. The sixfirhy hits you.
* * * LOW HITPOINT WARNING * * *
The sixfirhy shocks you. You resist.
* * * LOW HITPOINT WARNING * * *
The sixfirhy closely misses you. The sixfirhy hits you.
* * * LOW HITPOINT WARNING * * *
The sixfirhy shocks you. You resist.
* * * LOW HITPOINT WARNING * * *
The orange crystal statue fixes its piercing gaze on you.
Something tries to feed on your intellect!
The raiju bites you.
* * * LOW HITPOINT WARNING * * *
The raiju shocks you. You resist.
You die...

.+...#.8.#...#.....#.8.#...z..zzz
.+...#...#..#..##^.#...#.#.##.##.
+##..#####..##..#.w#####.......#z
..+..#...#..#..##.:#...#z##z##.#=
?.+.©#©.©#..##©.#8©#©.©#zz#z©#.zz
..+.)#...#..#..##.|#...#z.##.##zz
'##..#####..##..#..#####zz.#...zz
.'...#...#..#h.##3x#...#z#z##.##z
.'...#...#...#..@h.#...#.z.....zz
######...###########...##########
.......≈.............§...........
......≈8≈...........≈8≈..........
.......≈.............≈...........
######...###########...##########
9.Y.9#...#.....sBs.#...#...w#..#?
.##..#...#.##...##.#...#...#..#w$
..##.#####..##.##..#####..#..#..#


You could see an entropy weaver, an orange crystal statue, a torpor snail
(summoned, fleeing), a sixfirhy (summoned), 2 raiju, a jumping spider, a redback
and a small abomination (summoned).

Vanquished Creatures
  2 boulder beetles
  5 two-headed ogres
  Sonja (D:13)
  A skeletal warrior (D:13)
  An orange crystal statue (D:9)
  A deep elf pyromancer (D:12)
  An ugly thing (D:12)
  A manticore (D:9)
  2 cyclopes (D:12)
  Joseph (D:9)
  2 gargoyles
  An unseen horror (D:12)
  2 trolls
  10 slime creatures (D:12)
  A shadow (D:6)
  2 wraiths
  3 vampires
  3 wyverns
  Grum (D:8)
  20 yaks
  A neqoxec (Gauntlet)
  A chaos spawn (Gauntlet)
  2 steam dragons
  6 vampire mosquitoes
  2 wargs (D:12)
  2 water moccasins
  A black bear (D:4)
  4 orc warriors
  3 sky beasts
  2 ice beasts (D:5)
  2 wolves (D:8)
  A phantom (D:7)
  2 kobold brigands
  A necrophage (D:5)
  5 bullfrogs
  A gnoll sergeant (D:9)
  4 scorpions
  9 wights
  11 killer bees
  9 howler monkeys
  2 jellies
  4 orc priests
  2 gnoll shamans
  2 hounds
  Crazy Yiuf (D:4)
  Natasha (thrice) (D:4)
  An iguana (D:7)
  8 orc wizards
  2 mummies
  Robin (D:2)
  14 gnolls
  8 adders
  A shadow imp (D:6)
  3 white imps
  2 ufetubi
  4 worms
  2 dart slugs (D:2)
  36 orcs
  5 spectral bats (Ossuary)
  4 bat simulacra (Ossuary)
  3 endoplasms (D:2)
  A giant cockroach (D:3)
  12 goblins
  9 hobgoblins
  5 jackals
  10 kobolds
  5 quokkas
  3 ball pythons
  4 bats
  2 frilled lizards
  12 gnoll zombies (Ossuary)
  A goblin simulacrum (Ossuary)
  6 goblin zombies (Ossuary)
  4 hobgoblin zombies (Ossuary)
  2 kobold simulacra (Ossuary)
  3 kobold zombies (Ossuary)
  5 orc zombies (Ossuary)
  5 rats
  4 rat simulacra (Ossuary)
  A spectral goblin (Ossuary)
  4 spectral kobolds (Ossuary)
  3 spectral rats (Ossuary)
339 creatures vanquished.

Vanquished Creatures (others)
  3 fungi
  20 plants
23 creatures vanquished.

Grand Total: 362 creatures vanquished

Notes
Turn   | Place    | Note
-------+----------+-------------------------------------------
     0 | D:1      | Crownlay the Gargoyle Earth Elementalist began the quest
                  | for the Orb.
     0 | D:1      | Reached XP level 1. HP: 10/10 MP: 3/3
   503 | D:1      | Found Lall's Antique Weapon Emporium.
   520 | D:1      | Reached XP level 2. HP: 8/15 MP: 5/5
  1026 | D:2      | Found Walatats's Assorted Antiques.
  1152 | D:2      | Bought a scroll labelled XUKKYJ VEULUGI for 29 gold pieces
  1152 | D:2      | Bought a scroll labelled DYT TIFFISCHUS for 29 gold pieces
  1197 | D:2      | Reached XP level 3. HP: 17/19 MP: 7/7
  1341 | D:2      | Noticed Robin
  1350 | D:2      | Killed Robin
  1351 | D:2      | Reached skill level 3 in Spellcasting
  1726 | D:2      | Learned a level 2 spell: Passwall
  1730 | D:2      | Learned a level 3 spell: Stone Arrow
  1790 | D:2      | Found a faded altar of an unknown god.
  1933 | D:2      | Reached XP level 4. HP: 24/24 MP: 1/9
  2215 | D:2      | You fall into a shaft and drop 2 floors!
  2296 | D:3      | Found a stormy altar of Qazlal.
  2296 | D:3      | Found a shadowy altar of Dithmenos.
  2297 | D:3      | Found a basalt altar of Yredelemnul.
  2682 | D:3      | Found Metz's Antique Weapon Shoppe.
  2783 | D:3      | Found a blossoming altar of Fedhas.
  2837 | D:3      | Found a hazy altar of Hepliaklqana.
  3293 | D:4      | Identified the ring of Haro {rF+ rC+ rN+ Int+3}
  3346 | D:4      | Reached XP level 5. HP: 28/28 MP: 4/10
  3350 | D:4      | Reached skill level 4 in Spellcasting
  3672 | D:4      | Noticed a black bear
  3679 | D:4      | Killed a black bear
  3680 | D:4      | Reached skill level 5 in Earth Magic
  3680 | D:4      | Reached XP level 6. HP: 32/32 MP: 6/13
  3735 | D:4      | Reached skill level 5 in Spellcasting
  3802 | D:4      | Found an iron altar of Okawaru.
  3806 | D:4      | Found a radiant altar of Vehumet.
  3808 | D:4      | Found an opulent altar of Gozag.
  3817 | D:4      | Became a worshipper of Vehumet
  3843 | D:4      | Found a broken altar of Ashenzari.
  3887 | D:4      | Noticed Natasha
  3890 | D:4      | Killed Natasha
  3972 | D:4      | Noticed Natasha
  3976 | D:4      | Killed Natasha
  4059 | D:4      | Found a runed translucent door.
  4060 | D:4      | Noticed Crazy Yiuf
  4197 | D:4      | Killed Crazy Yiuf
  4277 | D:4      | Noticed Natasha
  4284 | D:4      | Killed Natasha
  4320 | D:5      | Entered Level 5 of the Dungeon
  4367 | D:5      | Found a staircase to the Ecumenical Temple.
  4468 | D:5      | Noticed a yak
  4493 | D:5      | Killed a yak
  4494 | D:5      | Reached XP level 7. HP: 36/36 MP: 2/15
  4596 | D:5      | Reached skill level 6 in Spellcasting
  4763 | D:5      | Found a glowing golden altar of the Shining One.
  4911 | D:5      | Noticed a yak
  4911 | D:5      | Noticed a yak
  4943 | D:5      | Killed a yak
  4947 | D:5      | Killed a yak
  4948 | D:5      | Reached XP level 8. HP: 37/41 MP: 4/18
  5051 | D:5      | Reached skill level 7 in Spellcasting
  5758 | D:6      | Reached * piety under Vehumet
  5758 | D:6      | Offered knowledge of Shock by Vehumet.
  5793 | D:6      | Reached skill level 8 in Spellcasting
  6104 | D:6      | Reached XP level 9. HP: 24/45 MP: 0/21
  6551 | D:6      | Reached skill level 9 in Spellcasting
  7268 | D:7      | Found a sand-covered staircase.
  7298 | Ossuary  | Entered an ossuary
  7322 | Ossuary  | Reached ** piety under Vehumet
  7322 | Ossuary  | Offered knowledge of Static Discharge by Vehumet.
  7741 | Ossuary  | Offered knowledge of Searing Ray by Vehumet.
  7896 | Ossuary  | Reached *** piety under Vehumet
  8055 | D:7      | Noticed a two-headed ogre
  8060 | D:7      | Killed a two-headed ogre
  8061 | D:7      | Reached skill level 10 in Spellcasting
  8061 | D:7      | Reached skill level 10 in Earth Magic
  8134 | D:7      | Reached XP level 10. HP: 43/50 MP: 24/24
  8192 | D:7      | Noticed a two-headed ogre
  8225 | D:7      | Killed a two-headed ogre
  8225 | D:7      | Offered knowledge of Olgreb's Toxic Radiance by Vehumet.
  8310 | D:7      | Found a white marble altar of Elyvilon.
  8391 | D:7      | Reached skill level 11 in Spellcasting
  8667 | D:7      | Found a sacrificial altar of Ru.
  9091 | D:8      | Noticed Grum
  9095 | D:8      | Killed Grum
  9458 | D:8      | Reached skill level 5 in Conjurations
  9589 | D:8      | Found a staircase to the Lair.
  9895 | D:8      | Reached **** piety under Vehumet
 10184 | D:9      | Noticed a two-headed ogre
 10194 | D:9      | Killed a two-headed ogre
 10195 | D:9      | Reached skill level 12 in Spellcasting
 10197 | D:9      | Offered knowledge of Frozen Ramparts by Vehumet.
 10198 | D:9      | Reached XP level 11. HP: 54/54 MP: 17/27
 10600 | D:9      | Found a glowing silver altar of Zin.
 10734 | D:9      | Found a runed translucent door.
 10743 | D:9      | Noticed Joseph
 10751 | D:9      | Killed Joseph
 10817 | D:9      | Found a runed translucent door.
 10830 | D:9      | Found a runed translucent door.
 10842 | D:9      | Found a runed translucent door.
 11128 | D:9      | Identified the +0 leather armour of the Sea {rC+}
 11313 | D:9      | Noticed an orange crystal statue
 11322 | D:9      | Killed an orange crystal statue
 11432 | D:10     | Entered Level 10 of the Dungeon
 11432 | D:10     | Noticed a manticore
 11437 | D:9      | Killed a manticore
 11551 | D:9      | Reached skill level 13 in Spellcasting
 12716 | D:11     | Noticed a two-headed ogre
 12720 | D:11     | Noticed a boulder beetle
 12726 | D:10     | Killed a two-headed ogre
 13379 | D:11     | Reached skill level 14 in Spellcasting
 13576 | D:11     | Killed a boulder beetle
 13577 | D:11     | Reached XP level 12. HP: 58/59 MP: 16/30
 13813 | D:12     | Reached skill level 10 in Conjurations
 14146 | D:12     | Reached skill level 1 in Fighting
 14271 | D:12     | Reached skill level 1 in Evocations
 14530 | D:12     | Found a staircase to the Orcish Mines.
 15419 | D:12     | Noticed a two-headed ogre
 15423 | D:12     | Killed a two-headed ogre
 15474 | D:12     | Reached skill level 5 in Fighting
 15634 | D:13     | Noticed Sonja
 15639 | D:13     | Killed Sonja
 15753 | D:13     | Reached skill level 1 in Summonings
 15923 | D:13     | Noticed a boulder beetle
 15941 | D:13     | Killed a boulder beetle
 15952 | D:13     | Found a gate leading to a gauntlet.
 15958 | Gauntlet | Entered a Gauntlet
 15958 | Gauntlet | Noticed a catoblepas
 15958 | Gauntlet | Found the +8 whip "Snakebite" {venom, curare, rPois}
 15958 | Gauntlet | Found a large runed translucent door.
 15958 | Gauntlet | Found a large runed translucent door.
 15958 | Gauntlet | Found a large runed translucent door.
 15958 | Gauntlet | Found a large runed translucent door.
 15958 | Gauntlet | Found a large runed translucent door.
 15958 | Gauntlet | Found a large runed translucent door.
 15958 | Gauntlet | Found a large runed translucent door.
 15958 | Gauntlet | Found a large runed translucent door.
 15958 | Gauntlet | Found a runed translucent door.
 15958 | Gauntlet | Found a runed translucent gate.
 15958 | Gauntlet | Found a transporter.
 15958 | Gauntlet | Found a transporter.
 15958 | Gauntlet | Found a runed translucent gate.
 15958 | Gauntlet | Found a transporter.
 16220 | Gauntlet | Found a transporter.
 16220 | Gauntlet | Found a transporter.
 16220 | Gauntlet | Found a transporter.
 16221 | Gauntlet | Found a runed translucent gate.
 16221 | Gauntlet | Found a runed translucent door.
 16225 | Gauntlet | Found a large runed translucent door.
 16225 | Gauntlet | Found a large runed translucent door.
 16229 | Gauntlet | Noticed an entropy weaver
 16232 | Gauntlet | Found a transporter.
 16234 | Gauntlet | Found a transporter.
 16244 | Gauntlet | Found a transporter.
 16252 | Gauntlet | Found a transporter.
 16268 | Gauntlet | Found a transporter.
 16272 | Gauntlet | Found a transporter.
 16272 | Gauntlet | Found the ring of the Octopus King
 16317 | Gauntlet | Found a large runed translucent door.
 16317 | Gauntlet | Found a large runed translucent door.
 16318 | Gauntlet | Found a large runed translucent door.
 16318 | Gauntlet | Found a large runed translucent door.
 16319 | Gauntlet | Found a large runed translucent door.
 16319 | Gauntlet | Found a large runed translucent door.
 16540 | Gauntlet | Gained mutation: You have hidden genetic defects. [a
                  | neqoxec]
 16821 | Gauntlet | HP: 2/71 [raiju[an orange crystal statue] (2)]
 16821 | Gauntlet | Slain by a raiju

Illustrated notes

Levels and vault maps discovered:
D:1:      lightli_arrival_lavapool, layout_rooms, serial_shops,
          nicolae_shop_hallway_plus, minmay_misc_feat_iff, nicolae_wormholes
D:2:      layout_rooms, serial_shops, shop,
          hellmonk_ecumenical_altar_leap_of_faith, kennysheep_crisscross,
          minmay_tree_intersection, uniq_robin
D:3:      layout_basic, mainiacjoe_overflow_boulevard, lemuel_crystal_altar,
          gammafunk_temple_overflow_forgotten, serial_shops,
          nicolae_shop_overgrown_old_shop
D:4:      layout_cave_pools, grunt_temple_overflow_open,
          cheibrodos_ashenzari_chains, minivault_24, uniq_natasha,
          uniq_crazy_yiuf_cottage
D:5:      layout_cave_pods, mainiacjoe_overflow_six_doors_small,
          minmay_temple_entry_sparse_star
D:6:      layout_cave_pods, serial_column_ruins, column_ruins_circle_large,
          column_ruins_hut, column_ruins_open_small, column_ruins_grid_3,
          column_ruins_open_tiny_water, column_ruins_open_tiny, minivault_10,
          hangedman_decor_peaks_small, kb_rosetta
D:7:      layout_cave_pools, nicolae_ru_the_path_less_chosen,
          lemuel_crystal_altar, gup_ossuary_entry_pyramid, minmay_crystal_water
D:8:      layout_loops_corners, grunt_lair_entry_orc_guard_hut, uniq_grum
D:9:      layout_basic, mainiacjoe_overflow_24_doors,
          minmay_statue_crystal_thing, uniq_joseph
D:10:     layout_small_grid, hangedman_abyss_or_decor_stagger
D:11:     layout_basic, wad_floor_pattern_untrapped
D:12:     layout_long_grid, david_orc_3, nicolae_fountain_basement
D:13:     layout_roguey, erik_vaults_1, gauntlet_entry_generic, uniq_erolcha,
          uniq_sonja
Gauntlet: gammafunk_gauntlet_hard_choice
          [minmay_gauntlet_arena_make_your_own_arena,
          gammafunk_gauntlet_arena_split_diamond,
          gammafunk_gauntlet_arena_teeth, gammafunk_gauntlet_arena_split_x,
          nicolae_gauntlet_arena_grate_2, gammafunk_gauntlet_arena_arrow_garden,
          gauntlet_exit_hidden_loot]

Skill      XL: |  1  2  3  4  5  6  7  8  9 10 11 12 |
---------------+-------------------------------------+-----
Earth Magic    | 4 5 6 7 8 10 11 | 11.2
Spellcasting   | 3 4 5 6 8 10 12 14 | 14.0
Conjurations   | 2 6 9 10 | 10.0
Fighting       | 6 |  6.4
Evocations     | 3 |  3.5
Summonings     | 1 |  1.8
Dodging        | |  1.5
Stealth        | |  2.1
Transmutations | |  0.7

Action                   |  1- 3 |  4- 6 |  7- 9 | 10-12 || total
-------------------------+-------+-------+-------+-------++-------
Melee: Dagger            |    23 |       |       |       ||    23
       Long sword        |       |     2 |       |       ||     2
       Falchion          |       |       |       |     1 ||     1
 Fire: Hunting sling     |    42 |    98 |    98 |   182 ||   420
 Cast: Sandblast         |    39 |    56 |    88 |   116 ||   299
       Stone Arrow       |       |     4 |    66 |   239 ||   309
Evoke: Wand              |       |       |       |     6 ||     6
  Use: Scroll            |       |     3 |     5 |     8 ||    16
       Potion            |       |       |       |     2 ||     2
Armor: Robe              |    19 |    27 |    31 |    93 ||   170
Dodge: Dodged            |    42 |    31 |    37 |   143 ||   253

Table legend: (Time is in decaauts)
 A = Elapsed time spent in this place.
 B = Non-inter-level travel time spent in this place.
 C = Inter-level travel time spent in this place.
 D = Time resting spent in this place.
 E = Time spent auto-exploring this place.
 F = Levels seen in this place.
 G = Mean time per level.
                   A        B        C        D        E       F      G
               +--------+--------+--------+--------+--------+-----+--------+
         Total |  17038 |  16704 |    334 |    709 |  13240 |  15 | 1135.9 |
       Dungeon |  15423 |  15089 |    334 |    506 |  12296 |  13 | 1186.4 |
       Ossuary |    750 |    750 |      0 |      0 |    555 |   1 |  750.0 |
      Gauntlet |    864 |    864 |      0 |    203 |    389 |   1 |  864.0 |
               +--------+--------+--------+--------+--------+-----+--------+

Top non-repeatable levels by time:
    D:12: 1864 daAuts
     D:9: 1712 daAuts
     D:6: 1710 daAuts
     D:8: 1450 daAuts
     D:5: 1260 daAuts
     D:1: 1231 daAuts
     D:4: 1112 daAuts
     D:3: 1045 daAuts
    D:10: 1024 daAuts
     D:2: 1002 daAuts
    D:11: 958 daAuts
Gauntlet: 864 daAuts
 Ossuary: 750 daAuts
     D:7: 725 daAuts
    D:13: 324 daAuts
